 Dungeon Crawl Stone Soup version 0.29.0-4-gdea44cf6ec (webtiles) character file.

Game seed: 10529131891441976617

32 qw the Chopper (level 3, 0/21 HPs)
             Began as a Tengu Warper on Aug 28, 2022.
             Slain by Sigmund
             ... wielding a +0 scythe
              (8 damage)
             ... on level 2 of the Dungeon.
             The game lasted 00:00:05 (819 turns).

qw the Chopper (Tengu Warper)                        Turns: 819, Time: 00:00:06

Health: 0/21       AC:  5    Str: 13    XL:     3   Next: 25%
Magic:  7/7        EV: 11    Int: 13    God:
Gold:   62         SH:  0    Dex: 13    Spells: 6/6 levels left

rFire   . . .      SeeInvis .   Y - +0 hand axe
rCold   . . .      Faith    .   (no shield)
rNeg    . . .      Spirit   .   d - +0 ring mail
rPois   .          Reflect  .   (helmet restricted)
rElec   .          Harm     .   (no cloak)
rCorr   .          Rampage  .   (no gloves)
Will    .....                   (boots unavailable)
Stlth   +.........              (no amulet)
HPRegen 0.07/turn               (no ring)
MPRegen 0.10/turn               (no ring)

@: no status effects
A: beak, talons 3
a: no special abilities


You were on level 2 of the Dungeon.
You visited 1 branch of the dungeon, and saw 2 of its levels.

You collected 62 gold pieces.


Innate Abilities, Weirdness & Mutations

You have a beak for a mouth.
You have claws for feet.


   Skills:
 - Level 2.0 Fighting
 + Level 4.0 Axes
 - Level 1.0 Throwing
 - Level 1.1 Armour
 - Level 2.1 Dodging
 - Level 2.0 Spellcasting
 - Level 2.4 Translocations


You had 6 spell levels left.
You didn't know any spells.
Your spell library contained the following spells:

 Spells                   Type           Power      Damage    Failure   Level
 Blink                    Tloc           14%        N/A       30%         2
 Gell's Gravitas          Tloc           7%         N/A       52%         3
 Lesser Beckoning         Tloc           7%         N/A       52%         3
 Teleport Other           Tloc           7%         N/A       52%         3
 Manifold Assault         Tloc           7%         N/A       99%         5

Inventory:

Hand Weapons
 i - a +0 club
 Y - a +0 hand axe (weapon)
Missiles
 f - 6 silver boomerangs (quivered)
Armour
 d - a +0 ring mail (worn)
Scrolls
 a - a scroll of identify
Potions
 g - 2 potions of curing
 j - a potion of lignification {unknown}
 k - a potion of degeneration {unknown}
 l - a potion of invisibility {unknown}
 m - a potion of cancellation {unknown}

Dungeon Overview and Level Annotations

Branches:
Dungeon (2/15)

Altars:

Annotations:
D:2 Sigmund


Message History

798 ||| DRINKING 3 fuming green potions.
It was a potion of curing.
You feel better.
Done exploring.
799 ||| DROPPING scroll of blinking.
You drop a scroll of blinking.
Done exploring.
(D) Dungeon
Where to? (* - list waypoints, ? - help)
What level of the Dungeon? (default 1, ? - help)
You swap places.
There is a stone staircase leading down here.
You climb downwards.
Sigmund shouts!
The ball python hisses angrily.
The adder hisses angrily.
Found 4 stones, a runed dagger, a lumpy inky potion and 22 gold pieces.
There is a stone staircase leading up here.
There are monsters nearby!
Existing waypoints: (2) D:1 Assign waypoint to what number? (0-9, D - delete waypoint) Waypoint 1 assigned to D:2.
Enter note: The ball python closely misses you.
The ball python grabs you. The ball python constricts you.
Sigmund screams, "You will never...
NEVER!!!"
Sigmund points at you and mumbles some strange words.
The magic dart hits you!
You slash the ball python!
You kill the ball python!
Sigmund points at you and mumbles some strange words.
The magic dart hits you. The adder barely misses you.
You closely miss the adder. You claw the adder. Your peck misses the adder.
The adder is heavily wounded.
The adder closely misses you.
You miss the adder. You claw the adder. You peck the adder.
You kill the adder!
Your Axes skill increases to level 4!
You have reached level 3!
Your experience leads to an increase in your attributes!
Increase (S)trength, (I)ntelligence, or (D)exterity?
You feel stronger. x2
Sigmund hits you from afar with a +0 scythe!
You die...

####### ##.
##.....#..(.
##...........
#...<..@.....
#....@.......
#............
#)..%...!....
#$...........
##.......$...
##.....#....
###########


You could see Sigmund.

Vanquished Creatures
  An adder (D:2)
  A dart slug (D:1)
  3 ball pythons
  A bat (D:1)
  2 endoplasms (D:1)
  3 giant cockroaches (D:1)
  A goblin (D:1)
  A hobgoblin (D:1)
  2 jackals (D:1)
  2 frilled lizards (D:1)
  3 rats (D:1)
20 creatures vanquished.

Notes
Turn   | Place    | Note
-------+----------+-------------------------------------------
     0 | D:1      | qw the Tengu Warper began the quest for the Orb.
     0 | D:1      | Reached XP level 1. HP: 12/12 MP: 4/4
     0 | D:1      | 0 ||| qw: Version: 0.1-a-89-g26bdef1
     0 | D:1      | 0 ||| qw: Game counter: 1466
     0 | D:1      | 0 ||| qw: Always use a shield: true
     0 | D:1      | 0 ||| qw: God list: Okawaru
     0 | D:1      | 0 ||| qw: Allow faded altars: false
     0 | D:1      | 0 ||| qw: Do Orc after D:15 true
     0 | D:1      | 0 ||| qw: Do second Lair branch before Depths: true
     0 | D:1      | 0 ||| qw: Lair rune preference: random
     0 | D:1      | 0 ||| qw: Plans: Normal
     0 | D:1      | 0 ||| PLANNING D:1-11
   306 | D:1      | 306 ||| Stepping ~*~*~tactically~*~*~ (stealth).
   312 | D:1      | Reached XP level 2. HP: 15/17 MP: 6/6
   365 | D:1      | 365 ||| Stepping ~*~*~tactically~*~*~ (stealth).
   393 | D:1      | Reached skill level 3 in Axes
   446 | D:1      | 446 ||| Stepping ~*~*~tactically~*~*~ (stealth).
   447 | D:1      | 447 ||| Stepping ~*~*~tactically~*~*~ (stealth).
   449 | D:1      | 449 ||| Stepping ~*~*~tactically~*~*~ (hiding).
   617 | D:1      | 617 ||| Stepping ~*~*~tactically~*~*~ (stealth).
   618 | D:1      | Found a faded altar of an unknown god.
   785 | D:1      | 785 ||| UPGRADING to +0 ring mail.
   795 | D:1      | 795 ||| DROPPING +0 leather armour.
   796 | D:1      | 796 ||| READING 2 scrolls labelled LEWAETR XEZIB.
   797 | D:1      | 797 ||| READING scroll labelled DYAWUO KIKHEY.
   798 | D:1      | 798 ||| DRINKING 3 fuming green potions.
   799 | D:1      | 799 ||| DROPPING scroll of blinking.
   813 | D:2      | Noticed Sigmund
   819 | D:2      | Reached skill level 4 in Axes
   819 | D:2      | Reached XP level 3. HP: 8/21 MP: 7/7
   819 | D:2      | Slain by Sigmund

Levels and vault maps discovered:
D:1:      lemuel_arrival_muddy, layout_loops_ring,
          chequers_ecumenical_altar_simple, minmay_hedge_maze,
          minmay_three_crescents
D:2:      layout_rooms, uniq_natasha, uniq_sigmund

Skill      XL: |  1  2 |
---------------+-------+-----
Axes           | 4 |  4.0
Fighting       | |  2.0
Throwing       | |  1.0
Armour         | |  1.1
Dodging        | |  2.1
Spellcasting   | |  2.0
Translocations | |  2.4

Action                   || total
-------------------------++-------
Melee: Hand axe          ||    30
       Peck              ||     4
       Kick              ||     7
Throw: Boomerang         ||    28
  Use: Scroll            ||     2
       Potion            ||     1
Armor: Leather armour    ||    12
Dodge: Dodged            ||    21

Table legend:
 A = Non-vault XP
 B = Vault XP
 C = Vault XP percentage of total XP
 D = Non-vault monster count
 E = Vault monster count
 F = Vault count percentage of total count
                 A         B        C        D         E       F
            +---------+---------+-------+---------+---------+-------
      Total |      36 |      10 |  21.7 |      14 |       6 |  30.0
            +---------+---------+-------+---------+---------+-------
        D:1 |      22 |      10 |  31.2 |      12 |       6 |  33.3
        D:2 |      14 |       0 |   0.0 |       2 |       0 |   0.0
            +---------+---------+-------+---------+---------+-------
